 Dungeon Crawl Stone Soup version 0.31.0-11-ge490571c62 (webtiles) character file.

Game seed: 9654272157966416169

5414 EonDragon20 the Summoner (level 10, -4/79 HPs)
             Began as a Merfolk Summoner on Feb 8, 2024.
             Was a Believer of Sif Muna.
             Slain by a yak (11 damage)
             ... on level 9 of the Dungeon.
             The game lasted 00:41:07 (10936 turns).

EonDragon20 the Summoner (Merfolk Summoner)        Turns: 10936, Time: 00:41:09

Health: -4/79      AC:  2    Str:  9      XL:     10   Next: 67%
Magic:  12/29      EV: 14    Int: 16 (17) God:    Sif Muna [**....]
Gold:   554        SH:  5    Dex: 13 (16) Spells: 3/23 levels left

rFire   . . .        m - +5 dagger "Roschufa" {protect, rElec MP+9 Str+3 Dex+2}
rCold   + . .        (no shield)
rNeg    + + .        o - +0 robe of the Wasteland {rN++ Str-5 Archmagi}
rPois   .            (no helmet)
rElec   +            (no cloak)
rCorr   .            (no gloves)
SInv    .            (no boots)
Will    .....        r - amulet of reflection
Stlth   ++           s - ring of protection from cold
HPRegen 0.33/turn    (no ring)
MPRegen 0.21/turn

%: reflection, archmagi
@: very slightly contaminated
A: (nimble swimmer 2), mertail
a: Renounce Religion, Channel Magic


You were on level 9 of the Dungeon.
You worshipped Sif Muna.
Sif Muna was pleased with you.
You visited 2 branches of the dungeon, and saw 10 of its levels.

You collected 645 gold pieces.
You spent 91 gold pieces at shops.

Inventory:

Hand Weapons
 m - the +5 dagger "Roschufa" (weapon) {protect, rElec MP+9 Str+3 Dex+2}
   (You found it on level 2 of the Dungeon)

   Str+3:     It affects your strength (+3).
   Dex+2:     It affects your dexterity (+2).
   rElec:     It insulates you from electricity.
   MP+9:      It affects your magic capacity (+9).
Armour
 a - a +0 robe
 o - the +0 robe of the Wasteland (worn) {rN++ Str-5 Archmagi}
   (You bought it in a shop on level 2 of the Dungeon)

   Str-5:     It affects your strength (-5).
   rN++:      It greatly protects you from negative energy.
   Archmagi:  It increases the power of your magical spells.
Jewellery
 r - an amulet of reflection (around neck)
 s - a ring of protection from cold (left hand)
Wands
 h - a wand of polymorph (9)
 y - a wand of acid (3)
 z - a wand of flame (8)
Scrolls
 d - 2 scrolls of teleportation
 i - 3 scrolls of identify
 j - a scroll of enchant weapon
 n - a scroll of revelation
 q - a scroll of immolation
 u - a scroll of butterflies {unknown}
 v - a scroll of vulnerability
Potions
 b - a potion of magic
 e - 3 potions of mutation
 g - a potion of brilliance {unknown}
 k - 3 potions of might
 l - 2 potions of lignification
 p - 2 potions of attraction
 t - a potion of ambrosia {unknown}
 w - a potion of invisibility {unknown}
 x - a potion of enlightenment {unknown}


   Skills:
 * Level 7.4 Fighting
 - Level 5.0 Short Blades
 * Level 6.8 Dodging
 - Level 2.1 Stealth
 - Level 7.2 Spellcasting
 * Level 9.2 Summonings
 - Level 4.2 Air Magic


You had 3 spell levels left.
You knew the following spells:

 Your Spells              Type           Power      Damage    Failure   Level
a - Summon Small Mammal   Summ           100%       N/A       1%          1
b - Call Imp              Summ           100%       N/A       1%          2
c - Call Canine Familiar  Summ           52%        N/A       1%          3
d - Summon Lightning Spi  Summ/Air       41%        N/A       8%          4
e - Summon Blazeheart Go  Fire/Summ      30%        N/A       19%         4
f - Summon Cactus Giant   Summ           26%        N/A       38%         6

Your spell library contained the following spells:

 Spells                   Type           Power      Damage    Failure   Level
 Kiss of Death            Conj/Necr      32%        2d7       12%         1
 Slow                     Hex            32%        N/A       12%         1
 Scorch                   Fire           16%        2d5       19%         2
 Confusing Touch          Hex            8%         N/A       36%         3
 Sigil of Binding         Hex            8%         N/A       36%         3
 Tukima's Dance           Hex            8%         N/A       36%         3
 Vampiric Draining        Necr           8%         2d6       36%         3
 Dimensional Bullseye     Hex/Tloc       4%         N/A       77%         4
 Dispel Undead            Necr           8%         3d8       77%         4
 Flame Wave               Conj/Fire      8%         2d5       77%         4
 Iskenderun's Mystic Bla  Conj/Tloc      8%         2d4       77%         4


Dungeon Overview and Level Annotations

Branches:
Dungeon (9/15)             Temple (1/1) D:4            Lair (0/5) D:8
    Orc: D:9-12

Altars:
Ashenzari
Cheibriados
Dithmenos
Elyvilon
Hepliaklqana
Makhleb
Nemelex Xobeh
Okawaru
Qazlal
Ru
Sif Muna
Uskayaw
Vehumet
Wu Jian
Xom
Yredelemnul
Zin
The Shining One

Shops:
D:1 =   D:2 [   D:3 *[(*   D:4 !

Annotations:
D:7 1 runed translucent door, peterlawrence's ghost, novice MiFi


Innate Abilities, Weirdness & Mutations

((You are very nimble when in or above water. (Stealth+, EV+, Speed+++)))
Your lower body shifts to a powerful aquatic tail in water.


Message History

Casting: Summon Blazeheart Golem (dangerous; 19% risk of failure)
Confirm with . or Enter, or press ? or * to list all spells.
You feel a surge of power! The yak gores you!
* * * LOW HITPOINT WARNING * * *
Casting: Summon Small Mammal (safe; 1% risk of failure)
Confirm with . or Enter, or press ? or * to list all spells.
You feel a surge of power! The yak barely misses you.
Your quokka bites the yak but does no damage.
Casting: Summon Small Mammal (safe; 1% risk of failure)
Confirm with . or Enter, or press ? or * to list all spells.
You feel a surge of power!
Your quokka disappears in a puff of smoke!
Your quokka bites the yak.
The yak gores you!
* * * LOW HITPOINT WARNING * * *
Okay, then.
It was a potion of curing.
You feel better.
Your quokka bites the yak but does no damage.
Your quokka bites the yak.
You block the yak's attack.
Okay, then.
Okay, then.
Aiming: Corrosive Bolt
Press: ? - help, Shift-Dir - straight line, f - yak
Aim: a yak (moderately wounded, ally target, 83% to hit)
The bolt of acid hits the yak!
The yak is heavily wounded.
Your quokka bites the yak but does no damage.
Your quokka barely misses the yak.
The yak gores you.
* * * LOW HITPOINT WARNING * * *
Okay, then.
Okay, then.
Press: ? - help, v - describe, . - travel
Here: a yak (heavily wounded, ally target)
The floor, spattered with blood.
Casting: Summon Small Mammal (safe; 1% risk of failure)
Confirm with . or Enter, or press ? or * to list all spells.
You feel a surge of power!
Your familiar recovers from its injuries.
Your quokka disappears in a puff of smoke!
Your quokka barely misses the yak.
The yak gores you!
You die...

#........# #....
#........#########....
#...............##....
#........######..'....
####.##### ####....
#..# #.... ##.# #....
#r# ##### #@#
####Y######
#..r.ยง....#
#.........#
#...........
#.........##
#.........#
###########


You could see a yak (ally target) and 2 friendly quokkas.

Vanquished Creatures
  A yak (D:9)
  An ice beast (D:6)
  A black bear (D:5)
  2 killer bees
  An orc priest (D:3)
  An orc wizard (D:6)
  3 adders
  A white imp (D:5)
  2 ufetubi (D:6)
  5 orcs
  2 goblins
  3 jackals (D:4)
  2 ball pythons (D:3)
  2 bats
  2 frilled lizards
  A kobold (D:4)
  2 rats
32 creatures vanquished.

Vanquished Creatures (collateral kills)
  Jeremiah (D:7)
  Prince Ribbit (D:6)
  Grinder (D:3)
  A shadow (D:9)
  5 yaks (D:9)
  A wraith (D:9)
  2 steam dragons
  A water moccasin (D:7)
  A black bear (D:6)
  4 ice beasts
  3 orc warriors
  2 ogres
  4 centaurs
  A phantom (D:6)
  2 kobold brigands
  A gnoll sergeant (D:7)
  3 bullfrogs (D:7)
  A scorpion (D:4)
  3 wights (D:7)
  7 killer bees
  A nameless horror (D:7)
  3 bombardier beetles
  3 orc priests
  2 jellies
  2 hounds
  A sleepcap (D:5)
  Terence (D:2)
  An iguana (D:6)
  An orc wizard (D:7)
  5 gnolls (D:7)
  3 adders
  A white imp (D:8)
  3 ribbon worms
  25 orcs
  5 bats
  7 endoplasms
  4 giant cockroaches
  6 goblins
  9 hobgoblins
  2 jackals (D:4)
  15 kobolds
  5 quokkas
  5 ball pythons
  5 frilled lizards
  7 rats
167 creatures vanquished.

Vanquished Creatures (others)
  A kobold brigand (D:8)
  A blazeheart core (D:9)
2 creatures vanquished.

Grand Total: 201 creatures vanquished

Notes
Turn   | Place    | Note
-------+----------+-------------------------------------------
     0 | D:1      | EonDragon20 the Merfolk Summoner began the quest for the
                  | Orb.
     0 | D:1      | Reached XP level 1. HP: 13/13 MP: 3/3
   223 | D:1      | Reached XP level 2. HP: 19/19 MP: 3/5
   227 | D:1      | Learned a level 2 spell: Call Imp
   590 | D:1      | Found Huinud's Jewellery Shop.
   727 | D:1      | Reached XP level 3. HP: 21/24 MP: 2/6
  1082 | D:1      | Learned a level 3 spell: Call Canine Familiar
  1155 | D:2      | Found Rojequk's Antique Armour Shop.
  1371 | D:2      | Reached skill level 5 in Summonings
  1506 | D:2      | Reached XP level 4. HP: 30/30 MP: 8/8
  1523 | D:2      | Identified the +5 dagger "Roschufa" {protect, rElec MP+9
                  | Str+3 Dex+2}
  1888 | D:2      | Noticed Terence
  1898 | D:2      | Killed Terence
  2073 | D:2      | Bought a bloodstained robe for 91 gold pieces
  2073 | D:2      | Identified the +0 robe of the Wasteland {rN++ Str-5
                  | Archmagi} (You bought it in a shop on level 2 of the
                  | Dungeon)
  2112 | D:3      | Reached XP level 5. HP: 10/35 MP: 9/9
  2220 | D:3      | Learned a level 4 spell: Summon Lightning Spire
  2230 | D:3      | Found Divuerer's Weapon Shoppe.
  2252 | D:3      | Found Suscha's Assorted Antiques.
  2299 | D:3      | Found Notoxko's Antique Armour Emporium.
  2331 | D:3      | Noticed Grinder
  2356 | D:3      | Killed Grinder
  2357 | D:3      | Reached XP level 6. HP: 44/44 MP: 10/10
  2917 | D:3      | Found Kasaosunn's Assorted Antiques.
  3059 | D:4      | Reached XP level 7. HP: 47/51 MP: 11/11
  3070 | D:3      | HP: 1/51 [burnt (6)]
  3554 | D:4      | Found Ziazen's Distillery.
  3742 | D:4      | Found a staircase to the Ecumenical Temple.
  3759 | Temple   | Entered the Ecumenical Temple
  3803 | Temple   | Became a worshipper of Sif Muna the Loreminder
  4397 | D:5      | Entered Level 5 of the Dungeon
  4430 | D:5      | Reached skill level 5 in Dodging
  5026 | D:5      | Reached XP level 8. HP: 61/61 MP: 11/12
  5290 | D:5      | Reached skill level 5 in Short Blades
  5707 | D:6      | Reached skill level 6 in Summonings
  5707 | D:6      | Reached skill level 1 in Air Magic
  5958 | D:6      | Reached skill level 5 in Fighting
  5969 | D:6      | Reached * piety under Sif Muna
  6668 | D:7      | Noticed Prince Ribbit
  7069 | D:7      | Noticed Jeremiah
  7243 | D:6      | Killed Prince Ribbit
  7244 | D:6      | Reached XP level 9. HP: 68/68 MP: 16/16
  7279 | D:7      | Killed Jeremiah
  7280 | D:7      | Reached skill level 7 in Summonings
  7313 | D:7      | Reached skill level 5 in Spellcasting
  8772 | D:7      | Reached ** piety under Sif Muna
  8777 | D:7      | Reached XP level 10. HP: 61/77 MP: 11/19
  8868 | D:7      | Found a runed translucent door.
  8870 | D:7      | Noticed peterlawrence's ghost (novice MiFi)
  8870 | D:7      | Noticed a two-headed ogre
  8926 | D:7      | Found a hazy altar of Hepliaklqana.
  9104 | D:7      | Learned a level 4 spell: Summon Blazeheart Golem
  9111 | D:7      | Learned a level 6 spell: Summon Cactus Giant
  9206 | D:7      | Reached skill level 8 in Summonings
  9633 | D:8      | Found a staircase to the Lair.
 10129 | D:9      | Noticed a two-headed ogre
 10747 | D:9      | Reached skill level 9 in Summonings
 10933 | D:9      | HP: 2/79 [yak (16)]
 10936 | D:9      | Slain by a yak

Illustrated notes

Levels and vault maps discovered:
D:1:      shiori_shiawase, layout_basic, serial_glass, glass_columns_c,
          glass_columns_a, glass_columns_a, glass_columns_a, glass_columns_a,
          glass_columns_b, glass_columns_c, glass_columns_a, serial_shops,
          nicolae_shop_pleasant_corner_grove
D:2:      layout_loops_cross, serial_shops, nicolae_shop_window_shopping,
          minmay_misc_feat_rugged, uniq_terence
D:3:      layout_basic, serial_shops, shop, nicolae_shop_peninsula, shop, shop,
          minmay_close_crescents, uniq_grinder
D:4:      layout_layer_cave, minmay_temple_entry_antechambers, serial_shops,
          nicolae_shop_competitors_out_of_business
D:5:      layout_loops_cross, nicolae_overflow_hidden_temple
D:6:      layout_basic
D:7:      layout_loops_ring, nicolae_hepliaklqana_hippocampus,
          ebering_ghost_inner_flame, enter_bailey_4, minmay_misc_feat_enclosed,
          dk_noncrumbling_3, uniq_jeremiah, uniq_prince_ribbit1
D:8:      layout_cave_pools, lair_entry_dummy
D:9:      layout_roguey, minmay_stone_trees_small, st_stairs_13, dk_vineyard_3
Temple:   bh_familiar_temple

Skill      XL: |  1  2  3  4  5  6  7  8  9 10 |
---------------+-------------------------------+-----
Summonings     | 5 6 7 9 |  9.2
Spellcasting   | 3 4 6 7 |  7.2
Fighting       | 2 4 5 6 7 |  7.4
Short Blades   | 2 3 4 5 |  5.0
Dodging        | 4 6 |  6.8
Air Magic      | 2 4 |  4.2
Stealth        | |  2.1

Action                     |  1- 3 |  4- 6 |  7- 9 | 10-12 || total
---------------------------+-------+-------+-------+-------++-------
  Melee: Short sword       |     8 |       |       |       ||     8
         Unarmed           |     1 |       |       |       ||     1
         Punch             |     1 |     1 |     1 |       ||     3
         Dagger            |       |    47 |    67 |    37 ||   151
   Cast: Summon Small Mamm |    33 |    15 |    68 |    20 ||   136
         Call Imp          |     7 |     7 |    36 |     9 ||    59
         Call Canine Famil |     5 |    11 |    71 |    17 ||   104
         Summon Lightning  |       |       |     3 |     9 ||    12
         Summon Blazeheart |       |       |       |     5 ||     5
  Evoke: Wand              |       |       |       |     1 ||     1
    Use: Scroll            |       |     8 |     6 |     1 ||    15
         Potion            |       |       |     1 |     3 ||     4
   Stab: Sleeping          |       |     1 |       |       ||     1
         Distracted        |       |       |       |     3 ||     3
 Armour: Robe              |    22 |    41 |   100 |    41 ||   204
         Skin              |       |       |       |     1 ||     1
  Dodge: Dodged            |    38 |    62 |   122 |    47 ||   269
  Block: Other             |       |       |     5 |    12 ||    17
         Reflection        |       |       |     2 |     2 ||     4
